 Dungeon Crawl Stone Soup version 0.19-a0-1007-g133f65f (webtiles) character file.

1572 mistymad the Insei (level 8, 0/54 HPs)
             Began as an Octopode Transmuter on July 20, 2016.
             Killed by nerve-wracking pain
             ... invoked by an orc priest
              (10 damage)
             ... on level 6 of the Dungeon.
             The game lasted 00:23:08 (9590 turns).

mistymad the Insei (Octopode Transmuter)            Turns: 9590, Time: 00:23:08

Health: 0/54       AC:  2    Str: 10    XL:     8   Next: 90%
Magic:  6/15       EV: 22    Int: 17    God:
Gold:   293        SH:  0    Dex: 17    Spells: 5 memorised, 1 level left

rFire  . . .     SeeInvis .       - Unarmed
rCold  . . .     Gourm    .     (shield currently unavailable)
rNeg   . . .     Faith    .     (helmet currently unavailable)
rPois  x         Spirit   .     (no amulet)
rElec  .         Dismiss  .     A - ring of stealth
rCorr  .         Reflect  .     (no ring)
SustAt .         Harm     .     (no ring)
MR     .....                    (no ring)
Stlth  +++.......               (no ring)
                                (no ring)
                                (no ring)
                                (no ring)

@: lethally poisoned (0 -> -36), spider-form, very slightly contaminated, not
resistant to hostile enchantments, fairly stealthy
A: almost no armour, (amphibious), 8 rings, (constrict 8), (camouflage 0),
(gelatinous body 0)
a: End Transformation


You were on level 6 of the Dungeon.
You were not hungry.
You were a venomous arachnid creature.
You visited 1 branch of the dungeon, and saw 6 of its levels.
You also visited: Sewer.

You collected 293 gold pieces.

Inventory:

Missiles
 a - 48 arrows
 g - 2 throwing nets (quivered)
 w - 6 javelins
Magical Staves
 G - an uncursed staff of poison (melded)
Jewellery
 A - a ring of stealth (left front leg)
Wands
 v - a wand of teleportation (8/9)
Scrolls
 f - 4 scrolls of teleportation
 h - 2 scrolls of magic mapping
 l - 2 scrolls of noise
 n - a scroll of remove curse
 r - a scroll of fear
 x - 4 scrolls of blinking
 y - a scroll of fog
 C - a scroll of random uselessness {unknown}
Potions
 d - 2 potions of brilliance
 e - a potion of mutation
 i - 2 potions of agility
 j - a potion of lignification
 k - 2 potions of might
 m - 3 potions of curing
 p - 3 potions of haste
 q - 2 potions of magic
 s - a potion of degeneration {unknown}
 t - 2 potions of heal wounds {unknown}
 u - a potion of beneficial mutation {unknown}
 z - 4 potions of flight {unknown}
 B - a potion of cure mutation {unknown}
 E - a potion of ambrosia {unknown}
Books
 b - a book of Changes

   Spells                             Type                      Level
   a - Beastly Appendage              Transmutation                1
   b - Sticks to Snakes               Transmutation                2
   c - Spider Form                    Transmutation/Poison         3
   d - Ice Form                       Ice/Transmutation            4
   e - Blade Hands                    Transmutation                5
Comestibles
 c - 2 bread rations
 o - 3 meat rations
 D - a beef jerky


   Skills:
 + Level 3.9 Fighting
 + Level 4.2 Dodging
 + Level 6.3 Unarmed Combat
 + Level 4.9 Spellcasting
 + Level 5.5 Transmutations
 - Level 2.0 Poison Magic


You had one spell level left.
You knew the following spells:

 Your Spells              Type           Power        Failure   Level  Hunger
a - Beastly Appendage     Tmut           ###...       6%          1    None
b - Sticks to Snakes      Tmut           ###.....     10%         2    #......
c - Spider Form           Tmut/Pois      ###.......   24%         3    ###....
d - Blade Hands           Tmut           ###.......   67%         5    ######.
e - Ice Form              Ice/Tmut       ##......     67%         4    ####...


Dungeon Overview and Level Annotations

Branches:
Dungeon (6/15)             Temple (0/1) D:5

Altars:
Ashenzari
Dithmenos
Elyvilon
Hepliaklqana
Okawaru
Pakellas
Ru
Xom

Annotations:
D:6 exclusion: wight


Innate Abilities, Weirdness & Mutations

You cannot wear most types of armour.
((You are amphibious.))
You can wear up to eight rings at the same time.
((You can use your tentacles to constrict eight enemies at once.))
((Your skin changes colour to match your surroundings (Stealth+).))
((Your rubbery body absorbs attacks. (AC +1)))


Message History

The orc wizard hits you with a dagger of venom.
You are poisoned.
The orc priest invokes the aid of Beogh against you.
Beogh smites you!
* * * LOW HITPOINT WARNING * * *
You take 16 damage, and have 13/54 hp.
MASSIVE DAMAGE!!
You bite the orc priest!
The orc priest is poisoned.
The orc priest is severely wounded.
* * * LOW HITPOINT WARNING * * *
You feel sick.
The orc wizard hits you but does no damage.
You are more poisoned.
You take 2 damage, and have 11/54 hp.
You barely miss the orc priest.
The orc priest is severely wounded.
* * * LOW HITPOINT WARNING * * *
You feel sick.
The orc priest mumbles some strange prayers to Beogh against you.
Pain shoots through your body!
You die...

##.....#
#.......#
#..#.#.# ...
#.#######
#o.....#
..####+#
.#.#.## ..._
....###..###
#..#....._#
##..##8..8#
###
#.......+
+..
##)os..##
### #)o##.#
# # #.###.#
#.###o###.#
#.........#
#####.#####
#####.###
#.......#
###
#.###.##....
#..


You could see an orc warrior, an orc priest and an orc wizard.

Vanquished Creatures
  Sigmund (D:4)
  2 ogres
  3 big kobolds
  A scorpion (D:4)
  3 crimson imps
  A giant frog zombie (D:5)
  Crazy Yiuf (D:4)
  A centaur skeleton (D:4)
  A gnoll shaman (D:4)
  A giant frog skeleton (D:4)
  4 orc wizards
  2 iguanas
  5 worker ants
  8 gnolls
  2 howler monkey skeletons (D:4)
  A river rat (Sewer)
  5 adders
  3 oozes (Sewer)
  2 adder skeletons
  8 worms
  2 dart slugs
  4 giant geckos
  6 orcs
  6 ball pythons
  5 bats
  2 giant cockroaches
  12 goblins
  8 hobgoblins
  A giant gecko skeleton (D:4)
  3 giant newts
  37 kobolds
  8 rats
  3 plants (D:5)
152 creatures vanquished.

Vanquished Creatures (collateral kills)
  Eustachio (D:4)
  A crimson imp (D:4)
  An orc priest (D:6)
  An orc wizard (D:4)
  2 orcs
6 creatures vanquished.

Vanquished Creatures (others)
  2 plants (D:5)
2 creatures vanquished.

Grand Total: 160 creatures vanquished

Notes
Turn   | Place    | Note
-------+----------+-------------------------------------------
     0 | D:1      | mistymad the Octopode Transmuter began the quest for the Orb.
     0 | D:1      | Reached XP level 1. HP: 13/13 MP: 3/3
   482 | D:1      | Reached XP level 2. HP: 16/18 MP: 3/5
  1082 | D:2      | Learned a level 2 spell: Sticks to Snakes
  1089 | D:1      | Reached XP level 3. HP: 10/23 MP: 2/6
  2295 | D:2      | Learned a level 3 spell: Spider Form
  2531 | D:2      | Reached XP level 4. HP: 25/28 MP: 7/7
  3009 | D:2      | Found a shimmering altar of Xom.
  3066 | D:2      | Found an oddly glowing altar of Pakellas.
  3596 | D:2      | Reached skill level 4 in Unarmed Combat
  4770 | D:4      | Found a shimmering altar of Xom.
  5029 | D:4      | Reached skill level 1 in Poison Magic
  5029 | D:4      | Reached XP level 5. HP: 24/33 MP: 9/9
  5348 | D:4      | Found a runed door.
  5353 | D:4      | Noticed Crazy Yiuf
  5358 | D:4      | Killed Crazy Yiuf
  5600 | D:4      | Noticed Sigmund
  5615 | D:4      | Killed Sigmund
  5615 | D:4      | Reached XP level 6. HP: 38/38 MP: 2/11
  5707 | D:4      | Found a hazy altar of Hepliaklqana.
  6181 | D:4      | Reached skill level 5 in Unarmed Combat
  6469 | D:4      | Reached XP level 7. HP: 37/43 MP: 10/12
  6786 | D:4      | Noticed Eustachio
  6813 | D:4      | Killed Eustachio
  7049 | D:4      | Learned a level 5 spell: Blade Hands
  7198 | D:4      | Reached XP level 8. HP: 34/51 MP: 10/14
  7508 | D:5      | Entered Level 5 of the Dungeon
  7602 | D:5      | Found a staircase to the Ecumenical Temple.
  7776 | D:5      | Found a glowing drain.
  7780 | Sewer    | Entered a sewer
  7802 | Sewer    | Reached skill level 5 in Transmutations
  8133 | Sewer    | Learned a level 4 spell: Ice Form
  8179 | D:5      | Reached skill level 6 in Unarmed Combat
  9116 | D:5      | Found a sacrificial altar of Ru.
  9118 | D:5      | Found an oddly glowing altar of Pakellas.
  9375 | D:6      | Found a shadowy altar of Dithmenos.
  9438 | D:6      | Found a shattered altar of Ashenzari.
  9555 | D:6      | Found a white marble altar of Elyvilon.
  9556 | D:6      | Found an iron altar of Okawaru.
  9590 | D:6      | Killed from afar by an orc priest

Vault maps used:
D:1:      lemuel_arrival_behind_the_door_small
D:2:      old_standard_altar, grunt_pakellas_mercury
D:3:      serial_corexii_hall, corexii_hall_statues_l, corexii_hall_statues_i,
          serial_bayou_pond_d
D:4:      kennysheep_little_box, first_bread, led_xom_imps, uniq_sigmund,
          uniq_eustachio, uniq_crazy_yiuf_cottage
D:5:      kennysheep_kobold_camp, nicolae_overflow_hidden_temple,
          lightli_sewer_entry_pipes
D:6:      lemuel_doored_altar, minitemple, marbit_many_paths,
          lemuel_blue_sif_altar, serial_glass, glass_columns_a, glass_columns_b,
          glass_columns_c, glass_columns_c, glass_columns_a, glass_columns_a,
          due_unseen_surprise, feat_on_display, basic_altar,
          makhleb_altar_promises_db
Sewer:    sewer_co_15_rooms

Skill      XL: |  1  2  3  4  5  6  7  8 |
---------------+-------------------------+-----
Unarmed Combat | 4 5 6 |  6.3
Transmutations | 3 4 5 |  5.5
Poison Magic   | 1 2 |  2.0
Spellcasting   | 3 4 |  4.9
Fighting       | 2 3 |  3.9
Dodging        | 3 4 |  4.2

Action                   |  1- 3 |  4- 6 |  7- 9 || total
-------------------------+-------+-------+-------++-------
Melee: Unarmed           |    76 |   146 |   272 ||   494
       Constrict         |    21 |    23 |    19 ||    63
       Tentacles         |    15 |    10 |    22 ||    47
       Kick              |    10 |     7 |     1 ||    18
       Punch             |     2 |     1 |     5 ||     8
 Cast: Beastly Appendage |    11 |     8 |     1 ||    20
       Sticks to Snakes  |     2 |     2 |    10 ||    14
       Spider Form       |       |     9 |    24 ||    33
  Use: Scroll            |       |       |    17 ||    17
 Stab: Sleeping          |     5 |     5 |     1 ||    11
       Distracted        |       |       |     2 ||     2
  Eat: Chunk             |     5 |    10 |    12 ||    27
       Bread ration      |       |     1 |       ||     1
Armor: Skin              |     4 |     8 |     9 ||    21
Dodge: Dodged            |    25 |    87 |   157 ||   269
